 Dungeon Crawl Stone Soup version 0.21.1-1-g345015f (webtiles) character file.

51 inc the Insei (level 3, 0/21 HPs)
             Began as an Octopode Ice Elementalist on June 16, 2018.
             Was an Initiate of Gozag.
             Slain by an adder (3 damage)
             ... on level 2 of the Dungeon.
             The game lasted 00:01:47 (1989 turns).

inc the Insei (Octopode Ice Elementalist)           Turns: 1989, Time: 00:01:49

Health: 0/21       AC:  1    Str:  8    XL:     3   Next: 81%
Magic:  6/6        EV: 13    Int: 22    God:    Gozag
Gold:   87         SH:  0    Dex: 12    Spells: 5/6 levels left

rFire    . . .     SeeInvis .     - Unarmed
rCold    . . .     Gourm    .   (no shield)
rNeg     . . .     Faith    .   (helmet restricted)
rPois    .         Spirit   .   (no amulet)
rElec    .         Reflect  .   (no ring)
rCorr    .         Harm     .   (no ring)
MR       .....                  (no ring)
Stlth    +++.......             (no ring)
HPRegen  0.07/turn              (no ring)
MPRegen  0.10/turn              (no ring)
                                (no ring)
                                (no ring)

@: brilliant, lethally poisoned (0 -> -8), hasted, very quick
A: almost no armour, stealthy swim, amphibious, 8 rings, constrict 8, camouflage
1, gelatinous body 1
a: Potion Petition, Call Merchant, Bribe Branch, Renounce Religion


You were on level 2 of the Dungeon.
You worshipped Gozag.
Gozag was noncommittal.
You were full.

You visited 1 branch of the dungeon, and saw 2 of its levels.

You collected 106 gold pieces.
You paid 19 gold pieces to Gozag.

Inventory:

Scrolls
 b - 3 scrolls of remove curse {unknown}
 e - 2 scrolls of identify {unknown}
 f - a scroll of magic mapping {unknown}
Potions
 g - a potion of haste
 h - a potion of curing {unknown}
Books
 a - a book of Frost

   Spells                             Type                      Level
   a - Freeze                         Ice                          1
   b - Throw Frost                    Conjuration/Ice              2
   c - Ozocubu's Armour               Charms/Ice                   3
   d - Throw Icicle                   Conjuration/Ice              4
   e - Summon Ice Beast               Ice/Summoning                4
Comestibles
 c - 2 rations


   Skills:
 - Level 2.0 Dodging
 - Level 2.6 Stealth
 + Level 3.3 Unarmed Combat
 - Level 2.0 Spellcasting
   Level 1.0 Conjurations
 - Level 3.0 Ice Magic


You had 5 spell levels left.
You knew the following spells:

 Your Spells              Type           Power        Failure   Level  Hunger
a - Freeze                Ice            ####         1%          1    #......


Dungeon Overview and Level Annotations

Branches:
Dungeon (2/15)

Altars:
Gozag
Xom


Innate Abilities, Weirdness & Mutations

You cannot wear most types of armour.
You are very stealthy in the water. (Stealth+)
You are amphibious.
You can wear up to eight rings at the same time.
You can use your tentacles to constrict eight enemies at once.
Your skin changes colour to match your surroundings (Stealth+).
Your rubbery body absorbs attacks. (AC +1, EV +1)


Message History

You are too injured to fight recklessly!
You are too injured to fight recklessly!
You are too injured to fight recklessly!
You are too injured to fight recklessly!
You are too injured to fight recklessly!
You tentacle-slap the adder. Your squeeze misses the adder.
The adder is heavily wounded.
You constrict the adder. The adder bites you.
* * * LOW HITPOINT WARNING * * *
You are more poisoned.
The adder poisons you!
Unknown command.
It was a potion of haste.
You feel yourself speed up.
You constrict the adder.
* * * LOW HITPOINT WARNING * * *
You feel sick. The adder barely misses you.
It was a potion of brilliance.
You feel clever all of a sudden.
You constrict the adder. The rat barely misses you. The adder bites you.
You die...
Your body crumbles into a pile of gold.

####.....#..........# #
...'.....###........#.#
####.....###........#.#
#........##..........#
##........##....$...###
..........##..........#
##........##.....$..#.#
..........##........#.#
##........#####.@####
.....#.........rS#
####.#.#########..
#.#.# .... #.#. .....
#.## .....## #.# ######
#.# #.#


You could see an adder and a rat.

Vanquished Creatures
  An adder (D:2)
  A dart slug (D:2)
  A leopard gecko (D:2)
  4 giant cockroaches (D:1)
  5 hobgoblins
  5 jackals (D:2)
  A ball python (D:2)
  2 bats (D:1)
  3 frilled lizards (D:2)
  2 goblins
  8 kobolds
  5 rats (D:1)
38 creatures vanquished.

Notes
Turn   | Place    | Note
-------+----------+-------------------------------------------
     0 | D:1      | inc the Octopode Ice Elementalist began the quest for the Orb.
     0 | D:1      | Reached XP level 1. HP: 11/11 MP: 3/3
    52 | D:1      | Reached skill level 1 in Unarmed Combat
   126 | D:1      | Reached XP level 2. HP: 17/17 MP: 5/5
  1065 | D:2      | Reached XP level 3. HP: 21/21 MP: 6/6
  1406 | D:2      | Found an opulent altar of Gozag.
  1428 | D:2      | Became a worshipper of Gozag Ym Sagoz the Greedy
  1587 | D:2      | Found a hazy altar of Hepliaklqana.
  1589 | D:2      | Found an opulent altar of Gozag.
  1589 | D:2      | Found a shimmering altar of Xom.
  1591 | D:2      | Found a stormy altar of Qazlal.
  1591 | D:2      | Found a radiant altar of Vehumet.
  1591 | D:2      | Found a shimmering altar of Xom.
  1989 | D:2      | Slain by an adder

Skill      XL: |  1  2  3 |
---------------+----------+-----
Unarmed Combat | 1 2 3 |  3.3
Dodging        | |  2.0
Stealth        | |  2.6
Spellcasting   | |  2.0
Conjurations   | |  1.0
Ice Magic      | |  3.0

Action                   || total
-------------------------++-------
Melee: Unarmed           ||    97
       Constrict         ||    26
       Tentacles         ||    13
  Use: Potion            ||     2
 Stab: Sleeping          ||    13
  Eat: Ration            ||     2
       Chunk             ||     1
Armor: Skin              ||     5
Dodge: Dodged            ||    57
